Map: Tokamak LE

Players

Serg - Winner!

  • Race: Zerg Zerg
  • Spawn Location: 7:00

ManlyManMeat

  • Race: Zerg Zerg
  • League: Diamond
  • Spawn Location: 1:00

VOD

Have the link to the VOD?

Description

Time

  • Played on: July 8, 2025, 7:48 a.m.
  • Length: 5:42
Show
View Real Time Build Order
Export as new Build Order

Serg Zerg - Winner!

Build Orders: Pool First 

Get SALT Encoding   

  12  0:05  Drone  
  13  0:13  Extractor  
  12  0:24  Spawning Pool  
  11  0:31  Drone  
  11  0:34  Drone  
  13  0:40  Drone  
  14  0:51  Overlord  
  14  1:15  Metabolic Boost  
  14  1:17  Zergling x6  
  17  1:28  Zergling x2  
  18  1:36  Queen  
  18  1:38  Zergling x2  
  21  1:57  Hatchery  
  20  2:06  Overlord  
  20  2:17  Zergling x4  
  21  2:34  Zergling x4  
  21  2:43  Drone  
  20  2:45  Roach Warren  
  19  2:54  Drone  
  19  3:06  Drone  
  20  3:13  Drone x4  
  23  3:22  Overlord  
  23  3:26  Roach  
  25  3:31  Roach  
  27  3:44  Roach x2  
  30  3:52  Roach x2  
  36  3:55  Roach  
  36  4:01  Roach  
  38  4:07  Overlord  
  38  4:23  Roach  
  44  4:24  Roach x2  
  44  4:25  Zergling x2  
  44  4:30  Zergling x2  
  46  4:41  Zergling x2  
  46  4:42  Zergling x6  
  48  4:52  Queen  
  50  5:06  Zergling x8  
  52  5:15  Baneling Nest  
  52  5:18  Zergling x2  
Show
View Real Time Build Order
Export as new Build Order

ManlyManMeat Zerg 

Build Orders: Hatch First 

Get SALT Encoding   

  12  0:00  Drone  
  13  0:08  Drone  
  14  0:14  Extractor  
  14  0:16  Drone  
  15  0:25  Overlord  
  15  0:44  Drone  
  16  0:50  Hatchery  
  16  0:52  Drone  
  16  0:54  Drone  
  17  0:59  Drone  
  18  1:06  Extractor  
  18  1:07  Drone  
  18  1:16  Drone  
  19  1:28  Drone  
  20  1:58  Spawning Pool  
  19  2:01  Drone x2  
  19  2:02  Drone  
  19  2:03  Overlord  
  22  2:29  Drone  
  24  2:30  Drone x3  
  22  2:44  Drone x2  
  22  2:47  Zergling x4  
  26  2:55  Queen  
  27  3:07  Metabolic Boost  
  27  3:09  Drone  
  27  3:18  Drone, Zergling x2  
  28  3:24  Zergling x2  
  29  3:28  Zergling x2  
  29  3:30  Zergling x2  
  30  3:47  Zergling x2  
  30  3:48  Zergling x4  
  32  3:54  Baneling Nest  
  31  4:02  Queen  
  33  4:10  Overlord  
  33  4:18  Overlord  
  33  4:26  Zergling x4  
  31  4:46  Baneling x2  
  30  4:57  Roach Warren  
  28  5:10  Zergling x6  
  28  5:11  Zergling x4  
Tags
 
League
Diamond
Matchup
ZvZ
Race
Zerg
Replay Pack
Myownreplay2
Spawn Locations
Cross Positions
Add a new tag
Caveats
  • Supply blocks, unpowered buildings, or Contaminate may cause inaccurate times.
  • Supply counts are checked every 10 seconds.